 Dungeon Crawl Stone Soup version 0.14-a0-1739-g6c2808e (webtiles) character file.

4113 Jenx the Conjurer (level 9, -2/45 HPs)
             Began as a Deep Elf Conjurer on Jan 3, 2014.
             Was a Follower of Vehumet.
             Slain by a killer bee (8 damage)
             ... on Level 8 of the Dungeon.
             The game lasted 00:34:00 (9268 turns).

Jenx the Conjurer (Deep Elf Conjurer)               Turns: 9268, Time: 00:34:00

HP  -2/45        AC  8     Str  6      XL: 9   Next: 92%
MP   4/37        EV 18     Int 23      God: Vehumet [*.....]
Gold 381         SH  0     Dex 15      Spells:  4 memorised, 12 levels left

rFire  . . .     SeeInvis .     a - +0 quarterstaff
rCold  + . .     Clarity  .     H - +0 robe {rC+}
rNeg   . . .     Conserve .     (no shield)
rPois  .         rCorr    .     (no helmet)
rElec  .         rRot     .     (no cloak)
SustAb . .       Spirit   .     (no gloves)
rMut   .         Warding  .     (no boots)
Saprov . . .     Stasis   .     (no amulet)
                                t - +6 ring of protection
                                l - ring of magical power

@: drained, somewhat resistant to hostile enchantments, fairly stealthy
A: no striking features
a: Renounce Religion


You were on level 8 of the Dungeon.
You worshipped Vehumet.
Vehumet was aware of your devotion.
You were not hungry.

You visited 2 branches of the dungeon, and saw 9 of its levels.
You also visited: Sewer.

You collected 381 gold pieces.

Inventory:

Hand weapons
 a - a +0,+0 quarterstaff (weapon)
 b - a +0 blowgun
Missiles
 i - 47 poisoned needles
Armour
 H - a +0 robe of cold resistance (worn)
Comestibles
 d - 7 bread rations
 p - a chunk of hound flesh
 v - 3 chunks of hobgoblin flesh
 z - 4 meat rations
Scrolls
 f - 4 scrolls of teleportation
 h - a scroll of curse weapon {unknown}
 r - a scroll of enchant weapon II
 s - 2 scrolls of remove curse
 x - a scroll of enchant armour
 y - a scroll of magic mapping {unknown}
 E - a scroll of immolation
Jewellery
 l - a ring of magical power (left hand)
 m - an uncursed ring of positive energy
 t - a +6 ring of protection (right hand)
 D - a +5 ring of dexterity
 K - an uncursed ring of magical power
Potions
 e - 2 potions of restore abilities {unknown}
 g - a potion of paralysis {unknown}
 j - 3 potions of might
 o - a potion of heal wounds
 q - 2 potions of invisibility
 u - a potion of flight {unknown}
 w - 7 potions of speed
 B - a potion of brilliance
 C - 2 potions of magic
Books
 c - a book of Conjurations

   Spells                             Type                      Level
   *Magic Dart                        Conjuration                  1
   Searing Ray                        Conjuration                  2
   *Dazzling Spray                    Conjuration/Hexes            3
   *Iskenderun's Mystic Blast         Conjuration                  4
   *Iskenderun's Battlesphere         Conjuration/Charms           4
   Fulminant Prism                    Conjuration/Hexes            5
 k - a book of Control

   Spells                             Type                      Level
   Control Teleport                   Charms/Translocation         4
   Control Undead                     Necromancy                   4
   Enslavement                        Hexes                        4
   Mass Confusion                     Hexes                        6
   Metabolic Englaciation             Hexes/Ice                    6
Magical staves
 A - an uncursed staff of cold


   Skills:
 - Level 3.1(2.4) Throwing
 - Level 10.4(9.6) Dodging
 - Level 2.4(1.7) Stealth
 + Level 8.2(7.4) Spellcasting
 - Level 11.0(10.2) Conjurations


You had 12 spell levels left.
You knew the following spells:

 Your Spells              Type           Power        Failure   Level  Hunger
a - Magic Dart            Conj           ####         1%          1    None
b - Dazzling Spray        Conj/Hex       ####....     3%          3    None
c - Iskenderun's Mystic   Conj           ######..     1%          4    ###....
d - Iskenderun's Battles  Conj/Chrm      ####....     12%         4    ###....


Dungeon Overview and Level Annotations

Branches:
Dungeon (8/16)             Temple (1/1) D:6
   Lair: D:8-11

Altars:
Ashenzari
Cheibriados
Elyvilon
Fedhas
Kikubaaqudgha
Makhleb
Nemelex Xobeh
Okawaru
Sif Muna
Trog
Vehumet
Xom
Yredelemnul


Message History

Read which item? (? for menu, Esc to quit)
As you read the scroll of fear, it crumbles to dust.
You assume a fearsome visage.
The wight is unaffected.
The killer bee looks frightened!
The wight closely misses you.
A killer bee comes into view.
The killer bee buzzes angrily.
The killer bee closely misses you.
The killer bee turns to fight!
The killer bee stings you.
The killer bee stings you but does no damage.
A killer bee comes into view.
The killer bee closely misses you. The killer bee completely misses you.
The killer bee barely misses you. The killer bee completely misses you.
The killer bee stings you!
* * * LOW HITPOINT WARNING * * *
The killer bee completely misses you. The killer bee stings you.
* * * LOW HITPOINT WARNING * * *
The killer bee barely misses you. The killer bee stings you!
You die...

### ..#
#.#####.#
.........#
#.<######k#
#.........#
##.#%.#####
#.#.@## #.#.kk#
#.###.# #....z#
#.#####.#######
#kk...........#
#######.#####.#
...
#.....#.####....
#####.#.<.......


You could see 2 killer bees and a wight.

Vanquished Creatures
  A spriggan (D:7)
  A troll (D:7)
  Edmund (D:5)
  3 orc warriors (D:7)
  4 ice beasts
  2 sky beasts
  2 phantoms
  2 ogres (D:5)
  4 giant frogs
  6 wights
  A centaur zombie (D:7)
  3 goliath beetles
  5 hounds
  A scorpion (D:4)
  A big fish (Sewer)
  A centaur skeleton (D:4)
  An orange rat (Sewer)
  4 orc priests
  4 worker ants
  6 iguanas
  7 orc wizards
  An ogre skeleton (D:4)
  A hound skeleton (D:6)
  3 green rats (Sewer)
  11 adders
  A giant mite (D:2)
  An inept feature mimic (D:3)
  3 worms
  7 grey rats (Sewer)
  A giant eyeball (D:5)
  8 giant geckos
  An ooze (D:2)
  33 orcs
  5 ball pythons
  16 bats
  A bat skeleton (D:8)
  5 giant cockroaches
  10 goblins
  14 hobgoblins
  18 kobolds
  2 quokkas
  9 giant newts
  A giant spore (D:8)
  3 hobgoblin skeletons
  10 jackals
  An orc skeleton (D:4)
  An orc zombie (D:5)
  18 rats
  A rat zombie (D:7)
  A ballistomycete (D:8)
247 creatures vanquished.

Notes
Turn   | Place    | Note
--------------------------------------------------------------
     0 | D:1      | Jenx, the Deep Elf Conjurer, began the quest for the Orb.
     0 | D:1      | Reached XP level 1. HP: 10/10 MP: 5/5
   272 | D:1      | Reached XP level 2. HP: 15/15 MP: 6/8
   354 | D:1      | Reached skill level 5 in Conjurations
   884 | D:2      | Reached XP level 3. HP: 13/19 MP: 3/10
  1243 | D:2      | Reached skill level 6 in Conjurations
  1281 | D:2      | Learned a level 3 spell: Dazzling Spray
  1373 | D:2      | Reached XP level 4. HP: 24/24 MP: 7/13
  1487 | D:2      | Learned a level 4 spell: Iskenderun's Mystic Blast
  2480 | D:4      | Reached XP level 5. HP: 28/28 MP: 16/16
  2507 | D:4      | Reached skill level 7 in Conjurations
  2772 | D:4      | Noticed a phantom
  2784 | D:4      | Killed a phantom
  2784 | D:4      | Reached skill level 8 in Conjurations
  2784 | D:4      | Reached XP level 6. HP: 30/32 MP: 0/18
  3366 | D:4      | Reached skill level 9 in Conjurations
  4071 | D:5      | Entered Level 5 of the Dungeon
  4103 | D:5      | Reached XP level 7. HP: 36/36 MP: 20/20
  4275 | D:5      | Reached skill level 10 in Conjurations
  4599 | D:5      | Found a glowing drain.
  4603 | Sewer    | Entered a sewer
  4826 | Sewer    | Reached XP level 8. HP: 41/41 MP: 2/21
  4828 | Sewer    | Reached skill level 11 in Conjurations
  4877 | Sewer    | Learned a level 4 spell: Iskenderun's Battlesphere
  5449 | D:5      | Noticed Edmund
  5499 | D:5      | Killed Edmund
  5499 | D:5      | Reached skill level 5 in Spellcasting
  5542 | D:5      | Found a basalt altar of Yredelemnul.
  6644 | D:6      | Reached skill level 5 in Dodging
  6695 | D:6      | Found a staircase to the Ecumenical Temple.
  6711 | Temple   | Entered the Ecumenical Temple
  6873 | Temple   | Became a worshipper of Vehumet
  7278 | D:7      | Reached XP level 9. HP: 45/45 MP: 22/27
  7738 | D:7      | Reached skill level 1 in Throwing
  8374 | D:7      | Noticed a troll
  8414 | D:7      | Killed a troll
  8602 | D:7      | Found a bloodstained altar of Trog.
  8636 | D:7      | Acquired Vehumet's first power
  8636 | D:7      | Offered knowledge of Sting by Vehumet.
  8669 | D:7      | Noticed a spriggan baker
  8897 | D:7      | Killed a spriggan baker
  8897 | D:7      | Reached skill level 10 in Dodging
  9268 | D:8      | Slain by a killer bee

Action                   |  1- 3 |  4- 6 |  7- 9 || total
-------------------------+-------+-------+-------++-------
Melee: Dagger            |    12 |       |       ||    12
       Unarmed           |     2 |       |       ||     2
       Staff             |     3 |     2 |       ||     5
       Quarterstaff      |       |    40 |    78 ||   118
 Fire: Blowgun           |       |       |    40 ||    40
 Cast: Magic Dart        |    78 |    93 |   162 ||   333
       Dazzling Spray    |       |    15 |   133 ||   148
       Iskenderun's Myst |       |    16 |    39 ||    55
       Iskenderun's Batt |       |       |     1 ||     1
Evoke: Wand              |     1 |       |       ||     1
  Use: Potion            |       |     7 |     5 ||    12
       Scroll            |       |     9 |     7 ||    16
 Stab: Sleeping          |       |     3 |       ||     3
       Invisible         |       |     2 |     6 ||     8
